 Dungeon Crawl Stone Soup version 0.29-a0-559-g359e09b9d1 (webtiles) character file.

Game seed: 14537559454190598942

29 DocClef the Covert (level 3, 0/35 HPs)
             Began as a Gnoll Delver on June 10, 2022.
             Slain by a centaur (1 damage)
             ... on level 5 of the Dungeon.
             The game lasted 00:00:14 (141 turns).

DocClef the Covert (Gnoll Delver)                    Turns: 141, Time: 00:00:14

Health: 0/35       AC:  3    Str: 11    XL:     3   Next: 16%
Magic:  3/3        EV: 13    Int:  9    God:
Gold:   17         SH:  0    Dex: 15    Spells: 3/3 levels left

rFire   . . .      SeeInvis .   a - +0 short sword
rCold   . . .      Faith    .   (no shield)
rNeg    . . .      Spirit   .   b - +0 leather armour
rPois   .          Reflect  .   (no helmet)
rElec   .          Harm     .   (no cloak)
rCorr   .          Rampage  .   (no gloves)
Will    .....                   (no boots)
Stlth   ++++......              (no amulet)
HPRegen 0.11/turn               (no ring)
MPRegen 0.08/turn               (no ring)

@: no status effects
A: fangs 1, strong nose, distributed training
a: no special abilities


You were on level 5 of the Dungeon.
You visited 1 branch of the dungeon, and saw 1 of its levels.

You collected 17 gold pieces.

Inventory:

Hand Weapons
 a - a +0 short sword (weapon)
Armour
 b - a +0 leather armour (worn)
Wands
 g - a wand of digging (3)
Scrolls
 c - a scroll of fog
 d - a scroll of magic mapping
 e - a scroll of fear
 h - 2 scrolls of identify {unknown}
Potions
 f - a potion of haste


   Skills:
 + Level 6.5 Fighting
 + Level 4.5 Short Blades
 + Level 0.6 Long Blades
 + Level 0.6 Axes
 + Level 0.6 Maces & Flails
 + Level 0.6 Polearms
 + Level 0.6 Staves
 + Level 0.6 Slings
 + Level 0.6 Bows
 + Level 0.6 Crossbows
 + Level 0.6 Throwing
 + Level 0.6 Armour
 + Level 4.5 Dodging
 + Level 9.5 Stealth
 + Level 0.6 Shields
 + Level 0.6 Unarmed Combat
 + Level 0.6 Spellcasting
 + Level 0.4 Conjurations
 + Level 0.4 Hexes
 + Level 0.4 Summonings
 + Level 0.4 Necromancy
 + Level 0.4 Translocations
 + Level 0.4 Transmutations
 + Level 0.4 Fire Magic
 + Level 0.4 Ice Magic
 + Level 0.4 Air Magic
 + Level 0.4 Earth Magic
 + Level 0.4 Poison Magic
 + Level 0.8 Invocations
 + Level 0.6 Evocations


You had 3 spell levels left.
You didn't know any spells.
Your spell library was empty.

Dungeon Overview and Level Annotations

Branches:
Dungeon (5/15)
 Temple: D:4-7

Altars:

Annotations:
D:5 DocClef's ghost, weakling GnDe


Innate Abilities, Weirdness & Mutations

You have very sharp teeth.
Your uncanny sense of smell can sniff out nearby items.
Your experience applies equally to all skills.


Message History

You barely miss the centaur.
The centaur is heavily wounded.
The centaur misses you. The centaur kicks you.
The centaur hits you but does no damage.
The centaur closely misses you.
You hit the centaur.
The centaur is severely wounded.
The centaur hits you but does no damage.
The centaur barely misses you. The centaur closely misses you.
The centaur kicks you but does no damage.
You hit the centaur but do no damage.
You punch the centaur, but do no damage.
The centaur is severely wounded.
The centaur barely misses you.
The centaur kicks you but does no damage.
You completely miss the centaur. Your bite misses the centaur.
The centaur is severely wounded.
The centaur barely misses you. The centaur kicks you.
* * * LOW HITPOINT WARNING * * *
The centaur misses you.
The centaur kicks you but does no damage.
You barely miss the centaur.
The centaur is severely wounded.
The centaur closely misses you. The centaur misses you.
The centaur hits you but does no damage.
The centaur kicks you.
* * * LOW HITPOINT WARNING * * *
You closely miss the centaur. You bite the centaur.
The centaur is severely wounded.
The centaur barely misses you. The centaur kicks you.
* * * LOW HITPOINT WARNING * * *
The centaur hits you.
* * * LOW HITPOINT WARNING * * *
The centaur barely misses you.
You hit the centaur.
The centaur is almost dead.
The centaur hits you.
* * * LOW HITPOINT WARNING * * *
The centaur closely misses you. x2; The centaur kicks you.
You die...

###>.....# #...####.#
+......#+## #..........
∆ #.......... ##########
#.......[.. .....!...#
##..........
.........##.##..........
.......[.@..##..........
........c#####...#######
#####+#......#...####
.......©..c.......#
.#############....#


#yyyy. ##...+ !.#...#. # #..# !#..###..# ..# # ..# #.. .# You could see a
centaur (fast) and 2 killer bees.

Vanquished Creatures
  A jelly (D:5)
1 creature vanquished.

Notes
Turn   | Place    | Note
-------+----------+-------------------------------------------
     0 | D:5      | Reached skill level 9 in Stealth
     0 | D:5      | DocClef the Gnoll Delver began the quest for the Orb.
     0 | D:5      | Reached XP level 1. HP: 23/23 MP: 1/1
    13 | D:5      | Noticed a killer bee
    13 | D:5      | Noticed a killer bee
    16 | D:5      | Noticed a killer bee
    18 | D:5      | Noticed DocClef's ghost (weakling GnDe)
    19 | D:5      | Noticed a jelly
    20 | D:5      | Noticed a killer bee
    26 | D:5      | HP: 1/23 [acid (5)]
    27 | D:5      | Killed a jelly
    28 | D:5      | Reached XP level 2. HP: 2/29 MP: 2/2
    28 | D:5      | Reached XP level 3. HP: 2/35 MP: 3/3
    40 | D:5      | Noticed a killer bee
   128 | D:5      | Noticed a centaur
   141 | D:5      | HP: 1/35 [centaur (2)]
   141 | D:5      | Slain by a centaur

Illustrated notes

Levels and vault maps discovered:
D:5:      layout_basic, gammafunk_ghost_hive

Skill      XL: | |
---------------+-+-----
Stealth        | |  9.5
Fighting       | |  6.5
Short Blades   | |  4.5
Long Blades    | |  0.6
Axes           | |  0.6
Maces & Flails | |  0.6
Polearms       | |  0.6
Staves         | |  0.6
Slings         | |  0.6
Bows           | |  0.6
Crossbows      | |  0.6
Throwing       | |  0.6
Armour         | |  0.6
Dodging        | |  4.5
Shields        | |  0.6
Unarmed Combat | |  0.6
Spellcasting   | |  0.6
Conjurations   | |  0.4
Hexes          | |  0.4
Summonings     | |  0.4
Necromancy     | |  0.4
Translocations | |  0.4
Transmutations | |  0.4
Fire Magic     | |  0.4
Ice Magic      | |  0.4
Air Magic      | |  0.4
Earth Magic    | |  0.4
Poison Magic   | |  0.4
Invocations    | |  0.8
Evocations     | |  0.6

Action                   || total
-------------------------++-------
Melee: Short sword       ||    13
       Bite              ||     2
       Punch             ||     1
 Stab: Distracted        ||     1
Armor: Leather armour    ||     6
Dodge: Dodged            ||    16

Table legend: (Time is in decaauts)
 A = Elapsed time spent in this place.
 B = Non-inter-level travel time spent in this place.
 C = Inter-level travel time spent in this place.
 D = Time resting spent in this place.
 E = Time spent auto-exploring this place.
 F = Levels seen in this place.
 G = Mean time per level.
                   A        B        C        D        E       F      G
               +--------+--------+--------+--------+--------+-----+--------+
         Total |    139 |    139 |      0 |    104 |     17 |   1 |  139.0 |
       Dungeon |    139 |    139 |      0 |    104 |     17 |   1 |  139.0 |
               +--------+--------+--------+--------+--------+-----+--------+

Top non-repeatable levels by time:
     D:5: 139 daAuts
